 Dungeon Crawl Stone Soup version 0.22-a0-469-gf26638a (webtiles) character file.

223 protoss039 the Skirmisher (level 6, -1/40 HPs)
             Began as a Gargoyle Monk on June 12, 2018.
             Was a Believer of Okawaru.
             Killed from afar by zard0z's ghost (7 damage)
             ... with a puff of flame
             ... on level 4 of the Dungeon.
             The game lasted 00:10:49 (3253 turns).

protoss039 the Skirmisher (Gargoyle Monk)           Turns: 3253, Time: 00:10:49

Health: -1/40      AC: 15    Str: 16    XL:     6   Next: 0%
Magic:  6/6        EV:  5    Int: 10    God:    Okawaru [**....]
Gold:   244        SH:  0    Dex: 13    Spells: 5/5 levels left

rFire    . . .     SeeInvis .   a - +0 mace
rCold    . . .     Gourm    .   (no shield)
rNeg     + . .     Faith    .   s - +0 plate armour
rPois    ∞         Spirit   .   (no helmet)
rElec    +         Reflect  .   (no cloak)
rCorr    .         Harm     .   b - +0 pair of gloves
MR       .....                  (no boots)
Stlth    ..........             (no amulet)
HPRegen  0.13/turn              d - ring of flight
MPRegen  0.10/turn              (no ring)

@: hasted, very quick
A: negative energy resistance 1, electricity resistance, unbreathing,
petrification resistance, rot immunity, AC +4
a: Heroism, Renounce Religion, Evoke Flight


You were on level 4 of the Dungeon.
You worshipped Okawaru.
Okawaru was pleased with you.
You were not hungry.

You visited 1 branch of the dungeon, and saw 4 of its levels.

You collected 244 gold pieces.

Inventory:

Hand Weapons
 a - a +0 mace (weapon)
Armour
 b - a +0 pair of gloves (worn)
 s - a +0 plate armour (worn)
Jewellery
 d - a ring of flight (left hand)
Scrolls
 e - 7 scrolls of identify {unknown}
 f - 2 scrolls of fog {unknown}
 g - 3 scrolls of blinking {unknown}
 i - a scroll of immolation {unknown}
 k - 3 scrolls of amnesia {unknown}
 l - a scroll of enchant armour {unknown}
 n - 3 scrolls of enchant weapon {unknown}
 o - 5 scrolls of teleportation {unknown}
 p - 2 scrolls of remove curse {unknown}
Potions
 h - a potion of ambrosia {unknown}
 j - 3 potions of magic {unknown}
 q - a potion of degeneration {unknown}
 r - a potion of mutation {unknown}
 u - a potion of heal wounds {unknown}
Comestibles
 c - 6 rations
 t - a chunk of flesh


   Skills:
 + Level 5.5 Fighting
 + Level 5.0 Maces & Flails
 - Level 2.4 Dodging
 - Level 2.1 Stealth


You had 5 spell levels left.
You didn't know any spells.
Your spell library was empty.

Dungeon Overview and Level Annotations

Branches:
Dungeon (4/15)
 Temple: D:4-7

Altars:
Nemelex Xobeh
Okawaru
Ru
Sif Muna
Yredelemnul

Annotations:
D:4 zard0z's ghost, amateur DEFE


Innate Abilities, Weirdness & Mutations

You are resistant to torment.
Your stone body is resilient. (AC +4)
You are immune to poison.
You resist negative energy. (rN+)
You are resistant to electric shocks. (rElec)
You can survive without breathing.
You are immune to petrification.
You are immune to rotting.


Message History

You hit zard0z's ghost.
Zard0z's ghost is severely damaged.
Zard0z's ghost casts a spell at you. The puff of flame hits you!
You closely miss zard0z's ghost.
Zard0z's ghost is severely damaged.
Zard0z's ghost lets out a mournful wail.
Zard0z's ghost hits you.
* * * LOW HITPOINT WARNING * * *
You closely miss zard0z's ghost.
Zard0z's ghost is severely damaged.
Zard0z's ghost hits you.
* * * LOW HITPOINT WARNING * * *
Unknown command.
You feel yourself speed up.
Zard0z's ghost hits you but does no damage.
Unknown command.
Zard0z's ghost points at you and mumbles some strange words.
The puff of flame hits you!
You die...

# .# .# . #.#
#.. ##..## #...
###W...#
.....###...###.#
## ....>..@..##
#_ #######..##
##. #..# #..
##.## ##.. #..#
#... #.## ###...
##.# ###....8
#..#
#####......#
##..#
#.'......8##


You could see zard0z's ghost.

Vanquished Creatures
  An orc wizard (D:4)
  A worker ant (D:4)
  5 adders
  4 gnolls (D:3)
  2 adder skeletons (D:4)
  A worm (D:2)
  3 dart slugs
  3 leopard geckos
  4 orcs
  5 bats
  4 giant cockroaches
  6 goblins
  7 hobgoblins
  2 jackals (D:3)
  12 kobolds
  2 quokkas
  A frilled lizard (D:3)
  6 rats
69 creatures vanquished.

Notes
Turn   | Place    | Note
-------+----------+-------------------------------------------
     0 | D:1      | protoss039 the Gargoyle Monk began the quest for the Orb.
     0 | D:1      | Reached XP level 1. HP: 14/14 MP: 1/1
   119 | D:1      | Reached XP level 2. HP: 14/19 MP: 2/2
   526 | D:1      | Reached XP level 3. HP: 24/24 MP: 3/3
   935 | D:2      | Found a faded altar of an unknown god.
  1235 | D:2      | Reached XP level 4. HP: 30/30 MP: 4/4
  1247 | D:2      | Found a deep blue altar of Sif Muna.
  2142 | D:3      | Found an iron altar of Okawaru.
  2159 | D:3      | Became a worshipper of Warmaster Okawaru
  2159 | D:3      | Reached * piety under Okawaru
  2159 | D:3      | Reached ** piety under Okawaru
  2232 | D:3      | Reached XP level 5. HP: 29/34 MP: 2/5
  2243 | D:3      | Reached skill level 5 in Fighting
  3088 | D:4      | Reached skill level 5 in Maces & Flails
  3088 | D:4      | Reached XP level 6. HP: 30/40 MP: 6/6
  3172 | D:4      | Found a basalt altar of Yredelemnul.
  3176 | D:4      | Found a sacrificial altar of Ru.
  3180 | D:4      | Found a sparkling altar of Nemelex Xobeh.
  3231 | D:4      | Noticed zard0z's ghost (amateur DEFE)
  3253 | D:4      | Killed from afar by zard0z's ghost

Vault maps used:
D:1:      lemuel_arrival_tunnels
D:2:      marbit_many_paths, chequers_ecumenical_altar_simple_redux
D:3:      lemuel_upstairs_altar, okawaru_metal_pillars_1_2
D:4:      minmay_overflow_temple_star_quad

Skill      XL: |  1  2  3  4  5 |
---------------+----------------+-----
Fighting       | 4 5 |  5.5
Maces & Flails | 4 5 |  5.0
Dodging        | |  2.4
Stealth        | |  2.1

Action                   |  1- 3 |  4- 6 || total
-------------------------+-------+-------++-------
Melee: Mace              |   108 |   186 ||   294
Invok: Heroism           |       |     1 ||     1
  Use: Potion            |     1 |     1 ||     2
 Stab: Sleeping          |     3 |     2 ||     5
  Eat: Chunk             |     1 |     4 ||     5
       Ration            |       |     1 ||     1
Armor: Robe              |    38 |    11 ||    49
       Plate armour      |       |   167 ||   167
Dodge: Dodged            |    83 |    68 ||   151

Table legend:
 A = Spawn XP
 B = Non-spawn XP
 C = Spawn XP percentage of total XP
 D = Spawn monster count
 E = Non-spawn monster count
 F = Spawn count percentage of total count
 G = Total turns spent on level
                    A         B        C        D         E        F      G
               +---------+---------+-------+---------+---------+-------+---------
         Total |       0 |     319 |   0.0 |       0 |      69 |   0.0 |  3253
               +---------+---------+-------+---------+---------+-------+---------
           D:1 |       0 |      35 |   0.0 |       0 |      18 |   0.0 |   799
           D:2 |       0 |      49 |   0.0 |       0 |      18 |   0.0 |   740
           D:3 |       0 |     139 |   0.0 |       0 |      25 |   0.0 |  1232
           D:4 |       0 |      96 |   0.0 |       0 |       8 |   0.0 |   482
               +---------+---------+-------+---------+---------+-------+---------
